 Dungeon Crawl Stone Soup version 0.31-a0-1343-gcd514f47d3 (webtiles) character file.

Game seed: 17645993950389981537

48 James the Nimble (level 3, -3/28 HPs)
             Began as a Gnoll Wanderer on Dec 22, 2023.
             Slain by an iguana (7 damage)
             ... on level 3 of the Dungeon.
             The game lasted 00:06:25 (1534 turns).

James the Nimble (Gnoll Wanderer)                   Turns: 1534, Time: 00:06:26

Health: -3/28      AC:  4    Str:  9    XL:     3   Next: 72%
Magic:  8/13       EV: 16    Int: 12    God:
Gold:   46         SH:  0    Dex: 14    Spells: 19/20 levels left

rFire   . . .        b - +0 short sword
rCold   . . .        (no shield)
rNeg    . . .        e - +0 leather armour
rPois   .            l - +0 helmet
rElec   .            (no cloak)
rCorr   .            (no gloves)
SInv    .            (no boots)
Will    .....        (no amulet)
Stlth   +            (no ring)
HPRegen 0.24/turn    (no ring)
MPRegen 0.13/turn

%: no passive effects
@: no status effects
A: fangs 1, strong nose, distributed training
a: no special abilities


You were on level 3 of the Dungeon.
You visited 1 branch of the dungeon, and saw 3 of its levels.

You collected 46 gold pieces.

Inventory:

Hand Weapons
 a - a +0 dagger
 b - a +0 short sword (weapon)
   (You found it on level 1 of the Dungeon)
 g - a +0 spear
   (You found it on level 1 of the Dungeon)
 i - a +0 hand axe
   (You found it on level 1 of the Dungeon)
Missiles
 f - 19 stones (quivered)
 n - 3 throwing nets {!f}
Armour
 e - a +0 leather armour (worn)
 l - a +0 helmet (worn)
   (You found it on level 1 of the Dungeon)
Scrolls
 d - a scroll of noise {unknown}
 k - a scroll of revelation {unknown}
 m - a scroll of enchant weapon {unknown}
 p - 3 scrolls of identify {unknown}
Potions
 c - a potion of attraction {!q}
 h - 2 potions of curing {unknown}
 j - a potion of haste {unknown}
 o - a potion of might {unknown}
 q - a potion of ambrosia {unknown}


   Skills:
 + Level 2.6 Fighting
 + Level 1.0 Short Blades
 + Level 1.0 Long Blades
 + Level 1.0 Axes
 + Level 1.0 Maces & Flails
 + Level 1.0 Polearms
 + Level 1.0 Staves
 + Level 1.0 Ranged Weapons
 + Level 1.0 Throwing
 + Level 1.0 Armour
 + Level 10.4 Dodging
 + Level 1.0 Stealth
 + Level 1.0 Shields
 + Level 1.0 Unarmed Combat
 + Level 9.3 Spellcasting
 + Level 0.7 Conjurations
 + Level 0.7 Hexes
 + Level 0.7 Summonings
 + Level 0.7 Necromancy
 + Level 0.7 Translocations
 + Level 0.7 Fire Magic
 + Level 0.7 Ice Magic
 + Level 0.7 Air Magic
 + Level 0.7 Earth Magic
 + Level 0.7 Alchemy
 + Level 1.0 Invocations
 + Level 1.0 Evocations
 + Level 0.8 Shapeshifting


You had 19 spell levels left.
You knew the following spells:

 Your Spells              Type           Power      Damage    Failure   Level
a - Foxfire               Conj/Fire      28%        2x1d5     13%         1

Your spell library contained the following spells:

 Spells                   Type           Power      Damage    Failure   Level
 Volatile Blastmotes      Fire/Tloc      14%        2d11      36%         3
 Vhi's Electric Charge    Tloc/Air       14%        N/A       78%         4
 Arcjolt                  Conj/Air       3%         1d13      98%         5
 Maxwell's Capacitive Co  Air            3%         ∞         100%        8


Dungeon Overview and Level Annotations

Branches:
Dungeon (3/15)

Altars:

Annotations:
D:2 1 exclusion


Innate Abilities, Weirdness & Mutations

You have very sharp teeth.
Your uncanny sense of smell can sniff out nearby items.
Your experience applies equally to all skills.


Message History

The iguana hisses menacingly.
There is an open door here.
You hit the giant cockroach. The giant cockroach closely misses you.
You hit the giant cockroach. Your bite misses the giant cockroach.
The giant cockroach closely misses you. x2
You hit the giant cockroach.
You kill the giant cockroach!
You closely miss the iguana. The iguana bites you.
You hit the iguana but do no damage. You hit the iguana but do no damage.
The iguana closely misses you.
You hit the iguana. The iguana bites you.
Okay, then.
Unknown command.
You hit the iguana but do no damage. The iguana bites you.
You hit the iguana. You bite the iguana, but do no damage.
The iguana bites you but does no damage.
You barely miss the iguana. The iguana closely misses you.
You hit the iguana but do no damage. The iguana bites you.
You barely miss the iguana. The iguana bites you!
* * * LOW HITPOINT WARNING * * *
You hit the iguana but do no damage. The iguana closely misses you.
You closely miss the iguana. The iguana closely misses you.
You hit the iguana but do no damage. The iguana closely misses you.
You hit the iguana but do no damage. The iguana completely misses you.
You hit the iguana but do no damage. The iguana closely misses you.
You completely miss the iguana. The iguana barely misses you.
You barely miss the iguana. The iguana bites you.
* * * LOW HITPOINT WARNING * * *
The iguana attacks as it pursues you! The iguana barely misses you.
The iguana attacks as it pursues you! The iguana completely misses you.
The iguana attacks as it pursues you! The iguana misses you.
You miscast Foxfire.
You are very lightly contaminated with residual magic.
Nothing appears to happen.
You conjure some foxfire!
The iguana bites you.
* * * LOW HITPOINT WARNING * * *
The foxfire hits the iguana but does no damage.
The iguana attacks as it pursues you! The iguana misses you.
You conjure some foxfire!
The iguana closely misses you.
The foxfire hits the iguana but does no damage.
Your magical contamination has completely faded away.
The iguana attacks as it pursues you! The iguana closely misses you.
You conjure some foxfire!
The iguana closely misses you.
The foxfire hits the iguana.
The iguana attacks as it pursues you! The iguana barely misses you.
You conjure some foxfire!
The iguana completely misses you. The iguana attacks as it pursues you!
The iguana bites you but does no damage.
You conjure some foxfire!
The iguana bites you!
You die...

#...........# ######
#...........#
######.....
#...........#
#....†.....
#...........#
####.####.)...
#...........#
##....# #.....
#######'###.#
#..#### ######
##'###.# #.##
#......#####.#
#.....>'v@l..#
#######......#######
#.)......###'######
#.##..............#
#..............#
#..............#
........##'#####....
########.##.## .....
#.......# .....


You could see an iguana (ally target).

Vanquished Creatures
  A bombardier beetle (D:3)
  A worm (D:3)
  2 dart slugs
  2 ball pythons (D:1)
  A bat (D:1)
  5 endoplasms
  4 giant cockroaches
  A goblin (D:1)
  6 hobgoblins
  A kobold (D:3)
  A quokka (D:1)
  A frilled lizard (D:3)
  5 rats
31 creatures vanquished.

Vanquished Creatures (others)
  34 foxfires
34 creatures vanquished.

Grand Total: 65 creatures vanquished

Notes
Turn   | Place    | Note
-------+----------+-------------------------------------------
     0 | D:1      | Reached skill level 10 in Dodging
     0 | D:1      | James the Gnoll Wanderer began the quest for the Orb.
     0 | D:1      | James set off with the following items: a +0 dagger, 3
                  | throwing nets {!f}, a potion of attraction {!q}, a scroll
                  | of fear, a +0 leather armour; and the following spell
                  | memorised: Foxfire; and the following spells available to
                  | memorise: Volatile Blastmotes.
     0 | D:1      | Reached XP level 1. HP: 17/17 MP: 10/10
   171 | D:1      | Reached XP level 2. HP: 17/23 MP: 10/12
   714 | D:1      | Reached XP level 3. HP: 28/28 MP: 10/13
  1137 | D:2      | Noticed a scorpion
  1336 | D:3      | Reached skill level 1 in Invocations
  1490 | D:3      | Reached skill level 1 in Short Blades
  1490 | D:3      | Reached skill level 1 in Long Blades
  1490 | D:3      | Reached skill level 1 in Axes
  1490 | D:3      | Reached skill level 1 in Maces & Flails
  1490 | D:3      | Reached skill level 1 in Polearms
  1490 | D:3      | Reached skill level 1 in Staves
  1490 | D:3      | Reached skill level 1 in Ranged Weapons
  1490 | D:3      | Reached skill level 1 in Throwing
  1490 | D:3      | Reached skill level 1 in Armour
  1490 | D:3      | Reached skill level 1 in Stealth
  1490 | D:3      | Reached skill level 1 in Shields
  1490 | D:3      | Reached skill level 1 in Unarmed Combat
  1490 | D:3      | Reached skill level 1 in Evocations
  1523 | D:3      | HP: 1/28 [iguana (5)]
  1534 | D:3      | Slain by an iguana

Illustrated notes

Levels and vault maps discovered:
D:1:      eino_arrival_druids_welcome, layout_basic
D:2:      layout_basic, st_stairs_7, kennysheep_small_spiral,
          serial_bayou_lake_a
D:3:      layout_basic, nicolae_overflow_hidden_temple, minmay_close_crescents

Skill      XL: |  1  2  3 |
---------------+----------+-----
Dodging        | | 10.4
Spellcasting   | |  9.3
Invocations    | 1 |  1.0
Short Blades   | 1 |  1.0
Long Blades    | 1 |  1.0
Axes           | 1 |  1.0
Maces & Flails | 1 |  1.0
Polearms       | 1 |  1.0
Staves         | 1 |  1.0
Ranged Weapons | 1 |  1.0
Throwing       | 1 |  1.0
Armour         | 1 |  1.0
Stealth        | 1 |  1.0
Shields        | 1 |  1.0
Unarmed Combat | 1 |  1.0
Evocations     | 1 |  1.0
Fighting       | |  2.6
Conjurations   | |  0.7
Hexes          | |  0.7
Summonings     | |  0.7
Necromancy     | |  0.7
Translocations | |  0.7
Fire Magic     | |  0.7
Ice Magic      | |  0.7
Air Magic      | |  0.7
Earth Magic    | |  0.7
Alchemy        | |  0.7
Shapeshifting  | |  0.8

Action                     || total
---------------------------++-------
  Melee: Dagger            ||    57
         Bite              ||    18
         Punch             ||     2
         Short sword       ||    82
  Throw: Stone             ||     2
   Cast: Foxfire           ||    22
    Use: Scroll            ||     1
   Stab: Sleeping          ||     3
 Armour: Leather armour    ||    60
  Dodge: Dodged            ||   110

Table legend: (Time is in decaauts)
 A = Elapsed time spent in this place.
 B = Non-inter-level travel time spent in this place.
 C = Inter-level travel time spent in this place.
 D = Time resting spent in this place.
 E = Time spent auto-exploring this place.
 F = Levels seen in this place.
 G = Mean time per level.
                   A        B        C        D        E       F      G
               +--------+--------+--------+--------+--------+-----+--------+
         Total |   1545 |   1459 |     86 |    117 |    713 |   3 |  515.0 |
       Dungeon |   1545 |   1459 |     86 |    117 |    713 |   3 |  515.0 |
               +--------+--------+--------+--------+--------+-----+--------+

Top non-repeatable levels by time:
     D:1: 1001 daAuts
     D:2: 337 daAuts
     D:3: 207 daAuts
